 Dungeon Crawl Stone Soup version 0.20-a0-939-g04f5055 (webtiles) character file.

23065 4thArraOfDagon the Basher (level 12, 0/88 HPs)
             Began as a Mummy Hunter on Mar 30, 2017.
             Was an Initiate of Gozag.
             Slain by an orc warrior
             ... wielding a +0 war axe
              (16 damage)
             ... on level 2 of the Orcish Mines.
             The game lasted 00:44:44 (11366 turns).

4thArraOfDagon the Basher (Mummy Hunter)           Turns: 11366, Time: 00:44:45

Health: 0/88       AC: 24    Str: 20    XL:     12   Next: 68%
Magic:  12/12      EV:  9    Int: 15    God:    Gozag
Gold:   1257       SH:  0    Dex: 16    Spells: 11/11 levels left

rFire    x . .     SeeInvis .   U - +0 dire flail (crush)
rCold    + . .     Gourm    .   (shield currently unavailable)
rNeg     + + +     Faith    .   L - +2 plate armour of Waesch {Regen+ Int+3 Dex+2}
rPois    ∞         Spirit   .   R - +0 helmet
rElec    .         Reflect  .   w - +0 cloak
rCorr    .         Harm     .   o - +2 pair of gloves {Str+3}
MR       +....                  e - +1 pair of boots {Stlth+}
Stlth    ..........             I - amulet of regeneration
Regen    1.1/turn               (no ring)
MPRegen  0.2/turn               (no ring)

@: gold aura
A: no food or potions, fire vulnerability, cold resistance 1, negative energy
resistance 3, torment resistance, unbreathing
a: Potion Petition, Call Merchant, Bribe Branch, Renounce Religion


You were on level 2 of the Orcish Mines.
You worshipped Gozag.
Gozag was most pleased with you.
You were not hungry.

You visited 2 branches of the dungeon, and saw 17 of its levels.
You also visited: Labyrinth and Ossuary.

You collected 6122 gold pieces.
You spent 3150 gold pieces at shops.
You paid 1715 gold pieces to Gozag.

Inventory:

Hand Weapons
 a - a +2 hand crossbow
 b - a +0 short sword
 l - a +0 flail
 s - a +0 morningstar of draining
 x - a +0 blowgun
 z - a +0 great mace
 O - the +8 halberd of Prudence {flame, rElec MR+ SInv}
   (You found it on level 13 of the Dungeon)

   It has been specially enchanted to burn those struck by it, causing extra
   injury to most foes and up to half again as much damage against particularly
   susceptible opponents.
   Big, fiery blades are also staple armaments of hydra-hunters.
   It insulates you from electricity.
   It affects your resistance to hostile enchantments.
   It lets you see invisible.
 U - a +0 dire flail of crushing (weapon)
 Y - the +6 glaive "Uloguigh" {chop, *Rage rF+ Int+3}
   (You found it in a labyrinth)

   It inflicts extra damage upon your enemies.
   It affects your intelligence (+3).
   It protects you from fire.
   It may make you go berserk in combat.
Missiles
 d - 45 bolts
 t - 11 javelins (quivered)
 v - 11 curare-tipped needles
Armour
 c - a +0 leather armour
 e - a +1 pair of boots of stealth (worn)
 i - a +0 ring mail
 o - a +2 pair of gloves of strength (worn)
 q - a +0 scale mail
 w - a +0 cloak (worn)
 A - the +1 leather armour of the Pink Corner {MR+}
   (You found it on level 4 of the Dungeon)

   It affects your resistance to hostile enchantments.
 C - a +0 pair of boots
 D - a +3 chain mail
 E - a +1 pair of boots
 K - a +2 ring mail of fire resistance
 L - the +2 plate armour of Waesch (worn) {Regen+ Int+3 Dex+2}
   (You bought it in a shop on level 11 of the Dungeon)

   It affects your intelligence (+3).
   It affects your dexterity (+2).
   It increases your rate of regeneration.
 R - a +0 helmet (worn)
 T - the +8 storm dragon scales of the Wild Haggis {+Fly rElec SInv Stlth-}
   (You bought it in a shop on level 11 of the Dungeon)

   It insulates you from electricity.
   It lets you see invisible.
   It lets you fly.
   It makes you less stealthy.
 V - a +0 helmet
Magical Staves
 Q - an uncursed staff of earth {unknown}
Jewellery
 I - an amulet of regeneration (around neck)
Wands
 F - a wand of polymorph (0/24)
 H - a wand of digging (1/24)
 N - a wand of digging (12/24)
 P - a wand of lightning (11/15)
 S - a wand of acid (8/15)
Scrolls
 f - a scroll of teleportation
 g - a scroll of recharging
 h - 2 scrolls of magic mapping
 j - 4 scrolls of fog
 k - 3 scrolls of amnesia
 n - 3 scrolls of immolation
 p - 2 scrolls of identify
 r - 2 scrolls of blinking
 u - a scroll of enchant armour
 y - 2 scrolls of remove curse
 B - 3 scrolls of noise
 G - a scroll of holy word
 J - 5 scrolls of silence
 W - 3 scrolls of enchant weapon
Books
 m - the Tome of Entrancing Earth
   (You found it on level 5 of the Dungeon)

   Spells                             Type                      Level
   a - Stone Arrow                    Conjuration/Earth            3
   b - Confuse                        Hexes                        3
   c - Tukima's Dance                 Hexes                        3
   d - Inner Flame                    Hexes/Fire                   3
   e - Metabolic Englaciation         Hexes/Ice                    5
 M - a book of Power

   Spells                             Type                      Level
   a - Iskenderun's Battlesphere      Conjuration/Charms           5
   b - Venom Bolt                     Conjuration/Poison           5
   c - Bolt of Magma                  Conjuration/Fire/Earth       5
   d - Iron Shot                      Conjuration/Earth            6
   e - Orb of Destruction             Conjuration                  7
   f - Spellforged Servitor           Conjuration/Summoning        7
Miscellaneous
 X - a sack of spiders


   Skills:
 - Level 6.0 Fighting
 * Level 13.2 Maces & Flails
 - Level 4.3 Crossbows
 + Level 9.3 Armour
 - Level 5.3 Dodging
 - Level 0.7 Stealth


You had 11 spell levels left.
You didn't know any spells.

Dungeon Overview and Level Annotations

Branches:
Dungeon (15/15)            Temple (0/1) D:5            Lair (0/6) D:8
    Orc (2/2) D:11            Elf (0/3) Orc:2        Vaults (0/5) D:13
 Depths: D:15

Altars:
Dithmenos
Gozag
Qazlal
Ru
Beogh

Shops:
D:4 [*   D:11 [*[

Portals:
Trove: D:12 (give 7 scrolls of blinking)

Annotations:
D:6 Eustachio
D:10 Urug
D:11 Nergalle
D:13 Nessos
D:14 Agnes


Innate Abilities, Weirdness & Mutations

You do not eat or drink.
Your flesh is vulnerable to fire.
You are immune to poison.
Your flesh is cold resistant. (rC+)
You are immune to negative energy. (rN+++)
You are immune to unholy pain and torment.
You can survive without breathing.


Message History

Unknown command.
You puncture the orc warrior!
The orc warrior is heavily wounded.
You closely miss the orc warrior.
The orc warrior is heavily wounded.
The orc warrior is distracted by the nearby gold.
You catch the helpless orc warrior completely off-guard!
You hit the orc warrior but do no damage.
The orc warrior is no longer distracted by gold.
The orc warrior is heavily wounded.
You puncture the orc warrior!
The orc warrior is severely wounded.
The orc warrior hits you with a war axe.
* * * LOW HITPOINT WARNING * * *
Unknown command.
You hit the orc warrior but do no damage.
The orc warrior is severely wounded.
The orc warrior hits you with a war axe!
You die...
Your body crumbles into a pile of gold.

**#........∩....#.....
#...........#.##$...
*##.........######..
###o.....## ##..
##....#.# ###...
##.#..#### ##.[...
##.##..# #......
#o####.# ##..... #.#@#
### ***#...... #.###.#
*,#......# #.# #.#
*#.....### #.# #.#
#.......*, ## #.#
##......,, #.#
##....,,, #.# **,,,,,,
## **,,,,, ***,,,


You could see an orc warrior.

Vanquished Creatures
  Josephine (D:15)
  A vault guard (D:13)
  3 two-headed ogres
  A death yak (Lab)
  2 unseen horrors
  2 orc knights
  2 deep elf magi
  2 ugly things (D:13)
  3 cyclopes
  A centaur zombie (D:13)
  A manticore (D:12)
  A centaur skeleton (D:15)
  A rime drake (D:13)
  5 trolls
  4 hippogriffs
  9 yaks (D:11)
  A tarantella (shapeshifter) (D:13)
  2 wyverns
  6 wraiths
  A steam dragon (shapeshifter) (D:13)
  3 hungry ghosts
  2 wargs (Orc:1)
  A two-headed ogre zombie (D:11)
  An acid dragon (D:15)
  17 orc warriors
  4 phantoms
  6 ogres
  11 centaurs
  2 big kobolds
  14 bullfrogs
  2 elf skeletons (D:7)
  A gnoll sergeant (D:8)
  7 water moccasin zombies (Ossuary)
  4 scorpions
  A troll zombie (D:11)
  12 wights
  4 howler monkeys
  3 crimson imps
  A jelly (D:4)
  3 hounds
  14 orc priests
  2 bullfrog skeletons
  3 quasits
  An iguana (D:9)
  24 orc wizards
  8 worker ants
  A big kobold zombie (Ossuary)
  6 ogre zombies (D:11)
  2 mummies (Ossuary)
  A worker ant zombie (D:4)
  A howler monkey zombie (D:8)
  12 adders
  3 gnolls
  6 shadow imps
  2 oozes
  5 adder zombies (Ossuary)
  A dart slug (D:2)
  6 leopard geckos
  75 orcs
  8 giant cockroaches
  A gnoll zombie (Ossuary)
  8 goblins
  8 hobgoblins
  6 jackals
  4 quokkas
  3 ball pythons
  4 bats
  3 frilled lizards
  A goblin skeleton (D:11)
  3 goblin zombies (D:11)
  3 hobgoblin skeletons (D:11)
  13 hobgoblin zombies
  19 kobolds
  5 kobold zombies (Ossuary)
  2 leopard gecko skeletons
  5 orc skeletons
  18 orc zombies
  7 rats
442 creatures vanquished.

Vanquished Creatures (others)
  Kirke (D:15)
  4 yaktaurs (D:15)
  A harpy skeleton (D:15)
  A human (D:15)
  3 hogs (D:15)
  A fungus (Orc:2)
11 creatures vanquished.

Grand Total: 453 creatures vanquished

Notes
Turn   | Place    | Note
-------+----------+-------------------------------------------
     0 | D:1      | 4thArraOfDagon the Mummy Hunter began the quest for the Orb.
     0 | D:1      | Reached XP level 1. HP: 16/16 MP: 1/1
    41 | D:1      | Reached XP level 2. HP: 15/22 MP: 2/2
   248 | D:3      | Reached XP level 3. HP: 12/27 MP: 3/3
   463 | D:4      | Reached XP level 4. HP: 27/34 MP: 4/4
   528 | D:4      | Found a shadowy altar of Dithmenos.
   559 | D:5      | Entered Level 5 of the Dungeon
   573 | D:4      | You fall through a shaft!
   620 | D:5      | Noticed an ogre
   633 | D:5      | Killed an ogre
   633 | D:5      | Reached XP level 5. HP: 8/42 MP: 5/5
   898 | D:5      | Identified the Tome of Entrancing Earth
   912 | D:6      | Noticed a centaur
   929 | D:4      | Found Gozag's Platinum Reserve.
   929 | D:4      | Found an opulent altar of Gozag.
   940 | D:4      | Became a worshipper of Gozag Ym Sagoz the Greedy
   954 | D:4      | Noticed a phantom
   975 | D:4      | Killed a phantom
   975 | D:4      | Reached skill level 5 in Fighting
   985 | D:4      | Reached XP level 6. HP: 42/51 MP: 6/6
  1282 | D:3      | Reached skill level 1 in Maces & Flails
  1864 | D:2      | Found a sacrificial altar of Ru.
  2346 | D:3      | Reached skill level 2 in Maces & Flails
  2794 | D:4      | Found Eruleint's Armour Shop.
  2820 | D:4      | Reached XP level 7. HP: 41/58 MP: 7/7
  3094 | D:4      | Got an ichor-stained leather armour
  3112 | D:4      | Identified the +1 leather armour of the Pink Corner {MR+} (You found it on level 4 of the Dungeon)
  3222 | D:5      | Found a staircase to the Ecumenical Temple.
  3306 | D:5      | Reached skill level 1 in Armour
  3310 | D:5      | Reached skill level 3 in Maces & Flails
  3502 | D:5      | Reached skill level 4 in Maces & Flails
  3502 | D:5      | Reached XP level 8. HP: 40/64 MP: 8/8
  3755 | D:6      | Noticed Eustachio
  4197 | D:6      | Reached skill level 5 in Maces & Flails
  4409 | D:7      | Noticed a hippogriff
  4533 | D:7      | Found a sand-covered staircase.
  4547 | Ossuary  | Entered an ossuary
  4988 | Ossuary  | Reached XP level 9. HP: 61/69 MP: 9/9
  5045 | Ossuary  | Reached skill level 6 in Maces & Flails
  5385 | D:8      | Identified a scroll of acquirement
  5405 | D:8      | Found a staircase to the Lair.
  5796 | D:8      | Reached skill level 7 in Maces & Flails
  5935 | D:8      | Reached skill level 5 in Dodging
  6199 | D:8      | Noticed a two-headed ogre
  6291 | D:9      | Noticed an efreet
  6305 | D:10     | Entered Level 10 of the Dungeon
  6509 | D:10     | Noticed Urug
  6514 | D:10     | Noticed a two-headed ogre
  6526 | D:11     | Bought a pair of embroidered boots for 180 gold pieces
  6526 | D:11     | Bought a bloodstained plate armour for 672 gold pieces
  6546 | D:11     | Identified the +2 plate armour of Waesch {Regen+ Int+3 Dex+2} (You bought it in a shop on level 11 of the Dungeon)
  6550 | D:11     | Noticed a two-headed ogre
  6671 | D:11     | Bought a +2 pair of gloves of strength for 258 gold pieces
  6700 | D:11     | Reached XP level 10. HP: 75/76 MP: 10/10
  6718 | D:11     | Reached skill level 8 in Maces & Flails
  6718 | D:11     | Reached skill level 5 in Armour
  6749 | D:11     | Found a staircase to the Orcish Mines.
  6936 | D:11     | Noticed Nergalle
  7031 | D:11     | Reached skill level 9 in Maces & Flails
  7066 | D:11     | Killed a two-headed ogre
  7188 | D:10     | Killed a two-headed ogre
  7214 | D:11     | Reached skill level 10 in Maces & Flails
  7224 | D:11     | Noticed a soul eater
  7229 | D:10     | Noticed a sun demon
  7302 | D:11     | Reached XP level 11. HP: 79/81 MP: 11/11
  7415 | D:11     | Found Nocwad's Demolitions Depot.
  7537 | D:11     | Upgraded the game from 0.20-a0-927-g1ae2c61 to 0.20-a0-939-g04f5055
  8511 | D:12     | Noticed a deep elf mage
  8542 | D:12     | Killed a deep elf mage
  8542 | D:12     | Reached skill level 11 in Maces & Flails
  8620 | D:12     | Found a portal to a secret trove of treasure.
  9205 | D:13     | Found a stormy altar of Qazlal.
  9427 | D:13     | Killed an unseen horror
  9434 | D:13     | Got a fine halberd
  9443 | D:13     | Noticed a vault guard
  9473 | D:13     | Killed a vault guard
  9496 | D:13     | Found a gate to the Vaults.
  9577 | D:13     | Noticed Sonja
  9585 | D:13     | Noticed Sonja
  9585 | D:13     | Sonja changed into Sonja the rime drake
  9595 | D:13     | Killed Sonja the rime drake
  9790 | D:13     | Noticed Nessos
  9791 | D:13     | Noticed Nessos
  9791 | D:13     | Nessos changed into Nessos the lindwurm
  9868 | D:14     | Noticed Agnes
 10020 | D:14     | Killed an unseen horror
 10046 | D:15     | Entered Level 15 of the Dungeon
 10054 | D:15     | Noticed a two-headed ogre
 10055 | D:15     | Noticed Josephine
 10062 | D:14     | Killed a two-headed ogre
 10062 | D:14     | Reached skill level 12 in Maces & Flails
 10062 | D:14     | Reached XP level 12. HP: 70/88 MP: 12/12
 10098 | D:15     | Killed Josephine
 10169 | D:15     | Killed Kirke
 10270 | D:15     | Noticed a fire dragon
 10419 | D:11     | Bought slimy storm dragon scales for 2040 gold pieces
 10419 | D:11     | Identified the +8 storm dragon scales of the Wild Haggis {+Fly rElec SInv Stlth-} (You bought it in a shop on level 11 of the Dungeon)
 10470 | Orc:1    | Entered Level 1 of the Orcish Mines
 10602 | Orc:1    | Found a roughly hewn altar of Beogh.
 11005 | Orc:2    | Entered Level 2 of the Orcish Mines
 11125 | Orc:2    | Reached skill level 13 in Maces & Flails
 11190 | Orc:2    | Found a labyrinth entrance.
 11197 | Lab      | Entered a labyrinth
 11289 | Lab      | Noticed a minotaur
 11290 | Lab      | Noticed a death yak
 11290 | Lab      | a minotaur changed into a death yak
 11306 | Lab      | Killed a death yak
 11314 | Lab      | Got a translucent glaive
 11315 | Lab      | Identified the +6 glaive "Uloguigh" {chop, *Rage rF+ Int+3} (You found it in a labyrinth)
 11316 | Lab      | Identified the +8 halberd of Prudence {flame, rElec MR+ SInv} (You found it on level 13 of the Dungeon)
 11366 | Orc:2    | Slain by an orc warrior

Vault maps used:
D:1:      lightli_arrival_boilingwater, minmay_crystal_water
D:2:      hangedman_ru_absence
D:4:      lemuel_crystal_altar, nicolae_gozag_zags_fifth_avenue, first_bread,
          serial_shops, shop
D:5:      temple_fountains
D:6:      uniq_eustachio
D:7:      nicolae_ossuary_entry_catacombs, grunt_livestock
D:8:      lair_entry_dummy, trog_wizard
D:9:      minitemple
D:10:     patterned_corridor, uniq_urug
D:11:     zombieorc2_lemuel, nicolae_blasting_shop, uniq_nergalle
D:12:     trove_entry_hex_spiral
D:13:     david_vaults_5, basic_altar, uniq_nessos, uniq_sonja
D:14:     uniq_frances, uniq_agnes, uniq_rupert, uniq_louise
D:15:     grunt_enter_depths_hoard, minmay_crystal_room, lemuel_flamethrower_2,
          uniq_josephine, uniq_kirke
Orc:1:    basic_altar, nicolae_orc_sculptors_studio
Orc:2:    grunt_orc_gardens, grunt_orc_garden, grunt_orc_garden,
          grunt_orc_garden, grunt_orc_garden, lab_entry_generic
Lab:      nicolae_lab_lava
Ossuary:  ossuary_tomb_2

Skill      XL: |  1  2  3  4  5  6  7  8  9 10 11 12 |
---------------+-------------------------------------+-----
Crossbows      | 4 |  4.3
Fighting       | 4 5 6 |  6.0
Maces & Flails | 2 4 5 7 10 12 13 | 13.2
Dodging        | 2 4 5 |  5.3
Armour         | 2 3 4 6 8 9 |  9.3
Stealth        | |  0.7

Action                   |  1- 3 |  4- 6 |  7- 9 | 10-12 || total
-------------------------+-------+-------+-------+-------++-------
Melee: Flail             |       |    41 |       |       ||    41
       Morningstar       |       |   149 |   445 |  1026 ||  1620
       Dire flail        |       |       |       |    32 ||    32
 Fire: Hand crossbow     |    33 |    67 |   174 |       ||   274
       Blowgun           |       |       |     2 |       ||     2
Throw: Javelin           |       |       |     4 |       ||     4
Invok: Call Merchant     |       |       |     2 |       ||     2
       Potion Petition   |       |       |       |     1 ||     1
Evoke: Wand              |       |       |     2 |    14 ||    16
  Use: Scroll            |     3 |     1 |    19 |     4 ||    27
 Stab: Distracted        |       |       |     2 |     7 ||     9
Armor: Leather armour    |     2 |     1 |       |       ||     3
       Ring mail         |       |    87 |       |       ||    87
       Scale mail        |       |     6 |   223 |       ||   229
       Chain mail        |       |       |    89 |       ||    89
       Plate armour      |       |       |    26 |   885 ||   911
Dodge: Dodged            |    16 |   150 |   329 |   441 ||   936
